[ AOE2 MATCH · #472872355 ]
UnrankedAztecs vs Armenians
[ REPLAY ANALYSIS · EXTRACTED FROM THE RECORDED GAME ]
Feudal
—
Castle
—
Imperial
—
| APM avg | 34.4 |
| APM peak | 61 |
| eAPM avg | 20.0 |
| Villagers / military | 143 / 271 |
Focus
⚔️ 31.7% · 🌾 68.3%
Eagle Scout ×136 · Spearman ×46 · Jaguar Warrior ×39 · Archer ×36 · Trebuchet (Packed) ×8 · Monk ×6
Feudal
10:07
Castle
13:18
Imperial
47:29
| APM avg | 22.8 |
| APM peak | 71 |
| eAPM avg | 13.0 |
| Villagers / military | 148 / 46 |
Focus
⚔️ 21.7% · 🌾 78.3%
Scout Cavalry ×35 · Knight ×6 · Monk ×4 · Battering Ram ×1
Feudal
9:05
Castle
26:36
Imperial
—
| APM avg | 31.8 |
| APM peak | 74 |
| eAPM avg | 19.3 |
| Villagers / military | 124 / 152 |
Focus
⚔️ 34.9% · 🌾 65.1%
Militia ×148 · Battering Ram ×4
Feudal
10:15
Castle
13:55
Imperial
29:45
| APM avg | 37.1 |
| APM peak | 68 |
| eAPM avg | 22.2 |
| Villagers / military | 136 / 325 |
Focus
⚔️ 45.4% · 🌾 54.6%
Spearman ×143 · Warrior Priest ×102 · Composite Bowman ×37 · Monk ×31 · Trebuchet (Packed) ×7 · Scorpion ×4
Feudal
11:20
Castle
14:52
Imperial
31:24
| APM avg | 24.5 |
| APM peak | 61 |
| eAPM avg | 18.4 |
| Villagers / military | 143 / 182 |
Focus
⚔️ 39.2% · 🌾 60.8%
Scout Cavalry ×71 · Shrivamsha Rider ×40 · Chakram Thrower ×38 · Elephant Archer ×24 · Armored Elephant ×4 · Trebuchet (Packed) ×3
Feudal
11:02
Castle
15:59
Imperial
32:53
| APM avg | 31.6 |
| APM peak | 80 |
| eAPM avg | 19.3 |
| Villagers / military | 146 / 235 |
Focus
⚔️ 50.4% · 🌾 49.6%
Scout Cavalry ×87 · Skirmisher ×79 · Mameluke ×49 · Trebuchet (Packed) ×7 · Scorpion ×5 · Camel Scout ×5
Match map
Initial resources + every placement click. Lines = walls · curves = elevation contours. ◆ gold · ⬟ stone · ● berries · ✦ relic · ◌ wall gap
Your base· ✓ Closed at 11:32 · 0t walls · 2 gate(s)
I LOVE YOU MINA's base· ✓ Closed at 13:18 · 8t walls · 3 gate(s)
MARDUK's base· ✓ Closed at 26:36 · 0t walls · 2 gate(s)
Angeliini's base· ✓ Closed at 13:55 · 0t walls · 3 gate(s)
asas's base· ✓ Closed at 14:52 · 0t walls · 3 gate(s)
Ruso's base· ✓ Closed at 15:59 · 0t walls · 2 gate(s)
Smoothed initial terrain · ◌ = detected wall gap · hover for details
Inputs per minute
— Ragn4r5842 - - I LOVE YOU MINA
Build order — Ragn4r5842
First 150 of 485 actions detected
| 0:01 | Create | Villager (Male) |
| 0:01 | Create | Villager (Male) |
| 0:01 | Create | Villager (Male) |
| 0:03 | Build | House |
| 0:04 | Build | House |
| 0:46 | Create | Villager (Male) |
| 1:19 | Create | Villager (Male) |
| 1:46 | Build | Lumber Camp |
| 2:00 | Create | Villager (Male) |
| 2:34 | Create | Villager (Male) |
| 2:34 | Create | Villager (Male) |
| 2:34 | Create | Villager (Male) |
| 2:34 | Create | Villager (Male) |
| 3:03 | Build | House |
| 3:20 | Create | Villager (Male) |
| 3:51 | Create | Villager (Male) |
| 3:52 | Create | Villager (Male) |
| 3:52 | Create | Villager (Male) |
| 3:52 | Create | Villager (Male) |
| 4:01 | Build | Mill |
| 4:42 | Create | Villager (Male) |
| 4:43 | Create | Villager (Male) |
| 4:49 | Create | Villager (Male) |
| 5:43 | Build | House |
| 5:49 | Create | Villager (Male) |
| 5:49 | Create | Villager (Male) |
| 5:49 | Create | Villager (Male) |
| 5:49 | Create | Villager (Male) |
| 5:50 | Create | Villager (Male) |
| 6:20 | Create | Villager (Male) |
| 7:43 | Create | Villager (Male) |
| 8:02 | Research | Feudal Age |
| 8:05 | Build | Mining Camp |
| 8:27 | Create | Villager (Male) |
| 8:27 | Create | Villager (Male) |
| 9:16 | Build | House |
| 10:40 | Build | Blacksmith |
| 10:43 | Build | Market |
| 11:32 | Research | Castle Age |
| 11:32 | Research | Castle Age |
| 12:25 | Research | Double-Bit Axe |
| 12:26 | Research | Horse Collar |
| 12:28 | Build | Farm |
| 12:30 | Build | Farm |
| 12:49 | Build | Farm |
| 12:53 | Build | Farm |
| 12:58 | Build | Farm |
| 13:01 | Build | Farm |
| 13:39 | Create | Villager (Male) |
| 13:40 | Create | Villager (Male) |
| 13:48 | Build | Farm |
| 14:31 | Build | Town Center |
| 14:34 | Research | Bow Saw |
| 14:36 | Create | Villager (Male) |
| 14:41 | Build | House |
| 15:15 | Create | Villager (Male) |
| 15:44 | Create | Villager (Male) |
| 15:58 | Create | Villager (Male) |
| 16:09 | Create | Villager (Male) |
| 16:11 | Create | Villager (Male) |
| 16:16 | Build | Town Center |
| 16:36 | Create | Villager (Male) |
| 16:47 | Build | Farm |
| 16:50 | Build | Farm |
| 16:52 | Build | Farm |
| 17:17 | Create | Villager (Male) |
| 17:18 | Create | Villager (Male) |
| 17:28 | Create | Villager (Male) |
| 17:29 | Create | Villager (Male) |
| 17:36 | Build | Farm |
| 17:39 | Build | Farm |
| 17:44 | Build | Farm |
| 17:45 | Build | Farm |
| 17:46 | Build | Farm |
| 17:48 | Build | Farm |
| 17:56 | Create | Villager (Male) |
| 18:02 | Create | Villager (Male) |
| 18:02 | Create | Villager (Male) |
| 18:23 | Create | Villager (Male) |
| 18:34 | Build | Barracks |
| 18:35 | Create | Villager (Male) |
| 18:36 | Create | Villager (Male) |
| 18:45 | Create | Villager (Male) |
| 18:48 | Build | House |
| 18:49 | Build | House |
| 18:50 | Build | House |
| 18:56 | Create | Villager (Male) |
| 19:06 | Build | Barracks |
| 19:25 | Create | Eagle Scout |
| 19:26 | Create | Eagle Scout |
| 19:28 | Create | Villager (Male) |
| 19:29 | Create | Villager (Male) |
| 19:32 | Build | Farm |
| 19:42 | Research | Scale Mail Armor |
| 19:42 | Research | Scale Mail Armor |
| 20:04 | Create | Spearman |
| 20:07 | Create | Eagle Scout |
| 20:13 | Build | Farm |
| 20:13 | Build | Farm |
| 20:13 | Build | Farm |
| 20:13 | Build | Farm |
| 20:13 | Build | Farm |
| 20:22 | Build | House |
| 20:32 | Create | Eagle Scout |
| 20:32 | Create | Eagle Scout |
| 20:34 | Create | Villager (Male) |
| 20:34 | Create | Villager (Male) |
| 20:35 | Create | Villager (Male) |
| 20:39 | Build | Farm |
| 20:41 | Build | Farm |
| 20:43 | Build | Farm |
| 20:58 | Research | Eagle Warrior (upgrade) |
| 21:00 | Build | House |
| 21:01 | Build | House |
| 21:21 | Research | Squires |
| 21:21 | Create | Villager (Male) |
| 21:22 | Create | Villager (Male) |
| 21:22 | Create | Villager (Male) |
| 21:22 | Create | Villager (Male) |
| 21:40 | Create | Villager (Male) |
| 21:40 | Create | Villager (Male) |
| 21:41 | Create | Villager (Male) |
| 21:45 | Build | Farm |
| 21:46 | Build | Farm |
| 21:50 | Build | Farm |
| 21:52 | Build | Farm |
| 21:56 | Build | House |
| 21:57 | Build | House |
| 22:03 | Create | Eagle Scout |
| 22:03 | Create | Eagle Scout |
| 22:05 | Create | Villager (Male) |
| 22:06 | Create | Villager (Male) |
| 22:06 | Create | Villager (Male) |
| 22:29 | Create | Villager (Male) |
| 22:30 | Create | Villager (Male) |
| 22:30 | Create | Villager (Male) |
| 22:33 | Create | Eagle Scout |
| 22:33 | Create | Eagle Scout |
| 22:37 | Build | House |
| 22:39 | Build | House |
| 22:44 | Research | Chain Mail Armor |
| 22:44 | Research | Chain Mail Armor |
| 22:52 | Create | Villager (Male) |
| 22:52 | Create | Villager (Male) |
| 22:52 | Create | Villager (Male) |
| 23:01 | Build | Farm |
| 23:01 | Build | Farm |
| 23:01 | Build | Farm |
| 23:02 | Build | Farm |
| 23:09 | Create | Eagle Scout |
Build order — I LOVE YOU MINA
First 150 of 276 actions detected
| 0:01 | Create | Villager (Male) ×4 |
| 0:02 | Create | Villager (Male) ×4 |
| 0:03 | Build | House |
| 0:04 | Build | House |
| 1:27 | Create | Villager (Male) |
| 1:28 | Create | Villager (Male) |
| 1:55 | Build | Lumber Camp |
| 2:01 | Create | Villager (Male) |
| 2:02 | Create | Villager (Male) |
| 2:23 | Create | Villager (Male) |
| 2:23 | Create | Villager (Male) |
| 2:53 | Create | Villager (Male) |
| 3:15 | Create | Villager (Male) |
| 3:16 | Create | Villager (Male) |
| 3:26 | Build | House |
| 3:46 | Create | Villager (Male) |
| 3:47 | Create | Villager (Male) |
| 4:03 | Build | Mill |
| 4:33 | Create | Villager (Male) |
| 4:33 | Create | Villager (Male) |
| 4:36 | Create | Villager (Male) |
| 4:37 | Create | Villager (Male) |
| 4:53 | Create | Villager (Male) |
| 4:53 | Create | Villager (Male) |
| 5:34 | Create | Villager (Male) |
| 5:34 | Create | Villager (Male) |
| 5:41 | Build | House |
| 6:02 | Create | Villager (Male) |
| 6:05 | Create | Villager (Male) |
| 6:05 | Create | Villager (Male) |
| 6:05 | Create | Villager (Male) |
| 7:34 | Research | Feudal Age |
| 7:36 | Build | Mining Camp |
| 7:40 | Build | Mining Camp |
| 9:53 | Create | Villager (Male) |
| 10:07 | Age | Feudal Age |
| 10:38 | Research | Castle Age |
| 10:38 | Research | Castle Age |
| 10:47 | Build | Farm |
| 10:54 | Research | Double-Bit Axe |
| 11:29 | Build | Stone Wall |
| 11:30 | Build | Stone Wall |
| 11:31 | Build | Stone Wall |
| 11:32 | Build | Stone Wall |
| 11:44 | Research | Horse Collar |
| 11:52 | Build | Stable |
| 11:55 | Build | Farm |
| 12:48 | Build | Farm |
| 13:08 | Build | Stone Wall |
| 13:09 | Build | Stone Wall |
| 13:13 | Build | Stone Wall |
| 13:14 | Build | Stone Wall |
| 13:18 | Age | Castle Age |
| 13:19 | Build | House |
| 13:20 | Build | House |
| 13:21 | Build | Stone Wall |
| 13:28 | Build | Monastery |
| 13:31 | Create | Knight |
| 13:31 | Create | Knight |
| 13:33 | Create | Villager (Male) |
| 13:33 | Create | Villager (Male) |
| 14:02 | Build | House |
| 14:04 | Build | Stone Wall |
| 14:06 | Build | Palisade Wall |
| 14:08 | Build | Palisade Wall |
| 14:25 | Create | Knight |
| 14:27 | Create | Monk |
| 14:30 | Create | Villager (Male) |
| 14:33 | Build | Farm |
| 14:36 | Build | Palisade Wall |
| 14:50 | Create | Villager (Male) |
| 15:28 | Create | Knight |
| 15:28 | Create | Knight |
| 15:50 | Build | Farm |
| 15:52 | Build | Farm |
| 15:53 | Build | Farm |
| 16:00 | Create | Monk |
| 16:18 | Create | Knight |
| 16:33 | Build | Farm |
| 16:36 | Build | Farm |
| 16:37 | Build | Farm |
| 16:38 | Build | Farm |
| 16:38 | Build | Farm |
| 16:40 | Build | Farm |
| 16:48 | Create | Villager (Male) |
| 17:13 | Create | Villager (Male) |
| 17:39 | Build | House |
| 17:44 | Build | House |
| 17:45 | Build | House |
| 17:46 | Build | House |
| 17:53 | Create | Villager (Male) |
| 17:53 | Create | Villager (Male) |
| 18:12 | Create | Monk |
| 18:31 | Create | Monk |
| 19:24 | Create | Villager (Male) |
| 19:24 | Create | Villager (Male) |
| 21:41 | Build | Town Center |
| 23:46 | Create | Villager (Male) |
| 23:47 | Create | Villager (Male) |
| 23:47 | Create | Villager (Male) |
| 23:47 | Create | Villager (Male) |
| 24:04 | Build | Farm |
| 24:05 | Build | Farm |
| 25:06 | Build | Farm |
| 25:11 | Create | Villager (Male) |
| 25:11 | Create | Villager (Male) |
| 26:01 | Build | Farm |
| 26:02 | Build | Farm |
| 26:08 | Build | Farm |
| 26:10 | Build | Farm |
| 26:12 | Create | Villager (Male) |
| 26:12 | Create | Villager (Male) |
| 26:44 | Create | Villager (Male) |
| 26:44 | Create | Villager (Male) |
| 27:03 | Create | Villager (Male) |
| 27:31 | Create | Villager (Male) |
| 27:32 | Create | Villager (Male) |
| 27:59 | Create | Villager (Male) |
| 27:59 | Create | Villager (Male) |
| 28:08 | Build | House |
| 28:09 | Build | House |
| 28:16 | Create | Villager (Male) |
| 28:16 | Create | Villager (Male) |
| 28:23 | Build | House |
| 28:24 | Build | House |
| 28:26 | Build | House |
| 28:41 | Create | Villager (Male) |
| 28:41 | Create | Villager (Male) |
| 29:08 | Build | House |
| 29:10 | Build | House |
| 29:11 | Build | House |
| 29:13 | Create | Villager (Male) |
| 29:13 | Create | Villager (Male) |
| 29:40 | Create | Villager (Male) |
| 29:40 | Create | Villager (Male) |
| 29:47 | Build | Farm |
| 29:48 | Build | Farm |
| 29:59 | Build | Farm |
| 30:02 | Create | Villager (Male) |
| 30:12 | Build | House |
| 30:20 | Build | House |
| 30:21 | Build | House |
| 30:22 | Build | House |
| 30:56 | Create | Villager (Male) |
| 30:56 | Create | Villager (Male) |
| 31:00 | Create | Villager (Male) |
| 31:00 | Create | Villager (Male) |
| 32:01 | Build | Town Center |
| 32:11 | Build | House |
| 32:12 | Build | House |
Build order — MARDUK
First 150 of 431 actions detected
| 0:00 | Create | Villager (Male) |
| 0:01 | Create | Villager (Male) |
| 0:02 | Build | House |
| 0:03 | Build | House |
| 0:14 | Create | Villager (Male) |
| 0:14 | Create | Villager (Male) |
| 1:29 | Create | Villager (Male) |
| 1:29 | Create | Villager (Male) |
| 2:02 | Create | Villager (Male) |
| 2:02 | Create | Villager (Male) |
| 2:08 | Build | Mule Cart |
| 2:16 | Create | Villager (Male) |
| 2:47 | Create | Villager (Male) |
| 2:48 | Create | Villager (Male) |
| 3:13 | Create | Villager (Male) |
| 3:14 | Create | Villager (Male) |
| 3:37 | Create | Villager (Male) |
| 3:37 | Create | Villager (Male) |
| 3:54 | Build | House |
| 4:09 | Create | Villager (Male) |
| 4:09 | Create | Villager (Male) |
| 4:09 | Create | Villager (Male) |
| 4:28 | Create | Villager (Male) |
| 4:29 | Create | Villager (Male) |
| 4:48 | Create | Villager (Male) |
| 4:49 | Create | Villager (Male) |
| 4:55 | Create | Villager (Male) |
| 5:15 | Create | Villager (Male) |
| 5:15 | Create | Villager (Male) |
| 5:55 | Build | Mill |
| 6:55 | Research | Feudal Age |
| 6:55 | Research | Feudal Age |
| 7:20 | Build | Barracks |
| 7:57 | Create | Militia |
| 7:57 | Create | Militia |
| 8:02 | Build | House |
| 8:25 | Create | Villager (Male) |
| 8:25 | Create | Villager (Male) |
| 9:05 | Age | Feudal Age |
| 9:05 | Research | Man-at-Arms (upgrade) |
| 9:33 | Create | Villager (Male) |
| 9:37 | Build | Mule Cart |
| 9:47 | Research | Long Swordsman (upgrade) |
| 9:49 | Create | Militia |
| 10:08 | Create | Militia |
| 10:19 | Build | House |
| 10:25 | Create | Villager (Male) |
| 10:34 | Build | House |
| 10:49 | Create | Villager (Male) |
| 10:51 | Create | Militia |
| 11:05 | Create | Militia |
| 11:28 | Create | Villager (Male) |
| 11:32 | Build | Farm |
| 11:34 | Build | Farm |
| 11:37 | Create | Militia |
| 11:51 | Build | Watch Tower |
| 11:58 | Research | Arson |
| 12:01 | Create | Villager (Male) |
| 12:05 | Build | Farm |
| 12:18 | Create | Militia |
| 12:18 | Create | Militia |
| 12:28 | Create | Villager (Male) |
| 12:31 | Build | Farm |
| 12:55 | Create | Militia |
| 12:58 | Build | Farm |
| 13:00 | Build | House |
| 13:02 | Create | Villager (Male) |
| 13:25 | Create | Militia |
| 13:47 | Create | Villager (Male) |
| 13:51 | Build | Farm |
| 14:00 | Create | Villager (Male) |
| 14:21 | Create | Villager (Male) |
| 14:23 | Build | Farm |
| 14:44 | Create | Villager (Male) |
| 14:46 | Build | House |
| 14:48 | Build | House |
| 15:10 | Create | Militia |
| 15:10 | Create | Militia |
| 15:24 | Create | Villager (Male) |
| 15:42 | Create | Militia |
| 15:42 | Create | Militia |
| 16:10 | Create | Villager (Male) |
| 16:12 | Build | Farm |
| 16:13 | Build | Farm |
| 16:18 | Build | Mill |
| 16:19 | Create | Villager (Male) |
| 16:25 | Create | Militia |
| 16:25 | Create | Militia |
| 16:46 | Create | Militia |
| 16:56 | Create | Villager (Male) |
| 16:58 | Build | Farm |
| 16:59 | Build | Farm |
| 16:59 | Build | Farm |
| 16:59 | Build | Farm |
| 17:00 | Build | Farm |
| 17:16 | Create | Militia |
| 17:18 | Build | Barracks |
| 17:36 | Create | Militia |
| 17:36 | Create | Militia |
| 17:44 | Create | Villager (Male) |
| 17:49 | Build | Farm |
| 17:53 | Build | Farm |
| 18:00 | Create | Villager (Male) |
| 18:10 | Create | Militia |
| 18:10 | Create | Militia |
| 18:13 | Build | Farm |
| 18:15 | Build | Farm |
| 18:28 | Create | Militia |
| 18:30 | Create | Militia |
| 18:39 | Create | Villager (Male) |
| 18:40 | Create | Villager (Male) |
| 18:40 | Create | Villager (Male) |
| 18:43 | Build | Farm |
| 18:44 | Build | Farm |
| 18:53 | Create | Militia |
| 18:53 | Create | Militia |
| 19:15 | Build | House |
| 19:16 | Build | House |
| 19:19 | Create | Villager (Male) |
| 19:21 | Create | Militia |
| 19:21 | Create | Militia |
| 19:21 | Create | Militia |
| 19:22 | Create | Militia |
| 19:54 | Create | Militia |
| 19:55 | Create | Militia |
| 19:55 | Create | Militia |
| 19:55 | Create | Militia |
| 19:55 | Create | Militia |
| 20:20 | Create | Villager (Male) |
| 20:21 | Build | Farm |
| 20:22 | Build | Farm |
| 20:27 | Create | Villager (Male) |
| 20:32 | Build | Farm |
| 20:34 | Build | Farm |
| 21:07 | Create | Villager (Male) |
| 21:09 | Build | Mule Cart |
| 21:21 | Research | Double-Bit Axe |
| 21:22 | Research | Double-Bit Axe |
| 21:54 | Build | Farm |
| 21:55 | Build | Farm |
| 21:58 | Build | Farm |
| 22:00 | Create | Villager (Male) |
| 22:33 | Research | Loom |
| 22:36 | Build | Market |
| 22:57 | Build | Blacksmith |
| 23:00 | Create | Villager (Male) |
| 23:31 | Create | Villager (Male) |
| 23:33 | Build | Farm |
| 23:42 | Research | Castle Age |
| 23:57 | Create | Militia |
Build order — Angeliini
First 150 of 463 actions detected
| 0:00 | Create | Villager (Male) |
| 0:01 | Create | Villager (Male) |
| 0:02 | Build | House |
| 0:03 | Build | House |
| 0:37 | Create | Villager (Male) |
| 0:37 | Create | Villager (Male) |
| 0:37 | Create | Villager (Male) |
| 1:25 | Create | Villager (Male) |
| 1:53 | Build | Mule Cart |
| 2:03 | Create | Villager (Male) |
| 2:03 | Create | Villager (Male) |
| 2:19 | Create | Villager (Male) |
| 2:19 | Create | Villager (Male) |
| 3:04 | Create | Villager (Male) |
| 3:04 | Create | Villager (Male) |
| 3:23 | Create | Villager (Male) |
| 3:23 | Create | Villager (Male) |
| 3:34 | Build | House |
| 4:10 | Build | Mill |
| 4:12 | Create | Villager (Male) |
| 4:39 | Create | Villager (Male) |
| 4:39 | Create | Villager (Male) |
| 4:40 | Create | Villager (Male) |
| 4:51 | Create | Villager (Male) |
| 4:51 | Create | Villager (Male) |
| 5:24 | Create | Villager (Male) |
| 5:24 | Create | Villager (Male) |
| 5:24 | Create | Villager (Male) |
| 5:25 | Create | Villager (Male) |
| 5:44 | Build | House |
| 7:04 | Create | Villager (Male) |
| 7:35 | Create | Villager (Male) |
| 8:05 | Research | Feudal Age |
| 8:05 | Research | Feudal Age |
| 8:16 | Create | Villager (Male) |
| 8:17 | Create | Villager (Male) |
| 8:39 | Create | Villager (Male) |
| 8:39 | Create | Villager (Male) |
| 8:55 | Build | Farm |
| 9:03 | Build | Farm |
| 9:49 | Create | Villager (Male) |
| 10:15 | Age | Feudal Age |
| 10:21 | Create | Villager (Male) |
| 10:28 | Build | Market |
| 10:30 | Build | Blacksmith |
| 11:15 | Research | Castle Age |
| 11:16 | Research | Castle Age |
| 11:25 | Research | Double-Bit Axe |
| 11:25 | Research | Double-Bit Axe |
| 11:32 | Research | Horse Collar |
| 11:32 | Research | Horse Collar |
| 12:46 | Build | Farm |
| 12:46 | Build | Farm |
| 12:46 | Build | Farm |
| 12:54 | Build | Farm |
| 13:26 | Build | Mule Cart |
| 13:55 | Age | Castle Age |
| 13:56 | Create | Villager (Male) |
| 13:56 | Create | Villager (Male) |
| 14:02 | Build | House |
| 14:09 | Build | Monastery |
| 14:19 | Build | Barracks |
| 14:45 | Create | Warrior Priest |
| 14:45 | Create | Warrior Priest |
| 14:58 | Build | Mule Cart |
| 15:04 | Research | Squires |
| 15:18 | Build | House |
| 15:19 | Build | House |
| 15:20 | Build | House |
| 15:35 | Create | Warrior Priest |
| 15:44 | Build | House |
| 15:46 | Build | Mule Cart |
| 15:57 | Create | Villager (Male) |
| 15:57 | Create | Villager (Male) |
| 16:08 | Create | Warrior Priest |
| 16:33 | Build | Farm |
| 16:37 | Build | Farm |
| 16:38 | Build | Farm |
| 16:44 | Create | Villager (Male) |
| 16:45 | Create | Villager (Male) |
| 16:47 | Research | Town Watch |
| 16:47 | Create | Villager (Male) |
| 16:51 | Create | Warrior Priest |
| 17:19 | Create | Villager (Male) |
| 17:23 | Build | Town Center |
| 17:34 | Create | Villager (Male) |
| 17:37 | Research | Wheelbarrow |
| 17:38 | Create | Villager (Male) |
| 17:41 | Create | Villager (Male) |
| 17:41 | Create | Villager (Male) |
| 17:44 | Build | Farm |
| 18:00 | Research | Fervor |
| 18:34 | Research | Scale Mail Armor |
| 18:34 | Research | Forging |
| 18:41 | Build | Monastery |
| 18:44 | Research | Sanctity |
| 18:50 | Research | Loom |
| 18:51 | Create | Villager (Male) |
| 18:53 | Create | Villager (Male) |
| 18:53 | Create | Villager (Male) |
| 18:59 | Build | Farm |
| 18:59 | Build | Farm |
| 18:59 | Build | Farm |
| 18:59 | Build | Farm |
| 18:59 | Build | Farm |
| 19:00 | Build | Farm |
| 19:44 | Build | Farm |
| 19:45 | Create | Villager (Male) |
| 19:45 | Create | Villager (Male) |
| 19:46 | Create | Villager (Male) |
| 19:46 | Create | Villager (Male) |
| 19:59 | Create | Warrior Priest |
| 19:59 | Create | Warrior Priest |
| 20:04 | Create | Warrior Priest |
| 20:16 | Research | Forging |
| 20:33 | Build | Monastery |
| 20:45 | Create | Villager (Male) |
| 20:46 | Create | Villager (Male) |
| 20:46 | Create | Villager (Male) |
| 21:13 | Create | Villager (Male) |
| 21:13 | Create | Villager (Male) |
| 21:24 | Research | Arson |
| 21:44 | Create | Villager (Male) |
| 21:44 | Create | Villager (Male) |
| 21:45 | Create | Villager (Male) |
| 21:45 | Create | Villager (Male) |
| 21:59 | Create | Warrior Priest |
| 21:59 | Create | Warrior Priest |
| 22:05 | Build | Mill |
| 22:05 | Build | Farm |
| 22:06 | Build | Farm |
| 22:06 | Build | Farm |
| 22:06 | Build | Farm |
| 22:06 | Build | Farm |
| 22:07 | Build | Farm |
| 22:07 | Build | Farm |
| 22:07 | Build | Farm |
| 22:14 | Create | Warrior Priest |
| 22:14 | Create | Warrior Priest |
| 22:44 | Build | Siege Workshop |
| 22:50 | Create | Warrior Priest |
| 22:50 | Create | Warrior Priest |
| 22:51 | Create | Villager (Male) |
| 22:52 | Create | Villager (Male) |
| 22:54 | Build | House |
| 22:54 | Build | House |
| 22:54 | Build | House |
| 22:55 | Build | House |
| 22:59 | Build | House |
| 22:59 | Build | House |
Build order — asas
First 150 of 540 actions detected
| 0:01 | Create | Villager (Male) |
| 0:01 | Create | Villager (Male) |
| 0:01 | Create | Villager (Male) |
| 0:03 | Build | Mill |
| 0:05 | Build | House |
| 0:06 | Create | Villager (Male) |
| 0:24 | Build | House |
| 1:34 | Create | Villager (Male) |
| 1:48 | Create | Villager (Male) |
| 2:15 | Create | Villager (Male) |
| 2:32 | Create | Villager (Male) |
| 3:02 | Create | Villager (Male) |
| 3:43 | Build | Lumber Camp |
| 3:44 | Create | Villager (Male) |
| 3:56 | Create | Villager (Male) |
| 4:00 | Create | Villager (Male) |
| 4:08 | Create | Villager (Male) |
| 4:21 | Create | Villager (Male) |
| 4:38 | Build | House |
| 4:52 | Create | Villager (Male) |
| 5:40 | Create | Villager (Male) |
| 5:53 | Create | Villager (Male) |
| 6:16 | Build | House |
| 6:55 | Create | Villager (Male) |
| 7:28 | Create | Villager (Male) |
| 8:08 | Create | Villager (Male) |
| 8:26 | Create | Villager (Male) |
| 8:26 | Research | Feudal Age |
| 8:39 | Build | Mining Camp |
| 8:44 | Build | Farm |
| 8:46 | Build | Farm |
| 8:49 | Build | Farm |
| 9:28 | Build | Farm |
| 9:41 | Create | Villager (Male) |
| 9:41 | Create | Villager (Male) |
| 9:55 | Build | House |
| 9:57 | Build | House |
| 10:02 | Build | House |
| 11:20 | Age | Feudal Age |
| 11:25 | Build | Market |
| 11:27 | Build | Blacksmith |
| 11:35 | Build | Blacksmith |
| 12:12 | Research | Castle Age |
| 12:22 | Research | Double-Bit Axe |
| 12:23 | Research | Horse Collar |
| 13:10 | Research | Loom |
| 13:15 | Build | Farm |
| 13:15 | Build | Farm |
| 13:16 | Build | Farm |
| 13:16 | Build | Farm |
| 13:24 | Build | Farm |
| 13:26 | Build | Farm |
| 13:38 | Create | Villager (Male) |
| 13:40 | Create | Villager (Male) |
| 14:32 | Research | Gold Mining |
| 14:41 | Build | Farm |
| 14:43 | Build | Farm |
| 14:52 | Age | Castle Age |
| 15:19 | Create | Villager (Male) |
| 15:28 | Research | Bow Saw |
| 15:43 | Build | House |
| 15:59 | Build | Siege Workshop |
| 16:09 | Build | House |
| 16:10 | Build | House |
| 16:11 | Build | House |
| 16:12 | Build | House |
| 16:16 | Create | Villager (Male) |
| 16:31 | Create | Villager (Male) |
| 16:37 | Create | Villager (Male) |
| 16:45 | Build | Palisade Wall |
| 16:47 | Build | Palisade Wall |
| 16:53 | Build | Palisade Wall |
| 16:54 | Build | Palisade Wall |
| 16:58 | Create | Villager (Male) |
| 17:11 | Build | House |
| 17:13 | Create | Armored Elephant |
| 17:13 | Create | Armored Elephant |
| 17:13 | Create | Armored Elephant |
| 17:17 | Create | Villager (Male) |
| 17:29 | Build | Barracks |
| 17:32 | Build | Mining Camp |
| 17:39 | Build | House |
| 17:55 | Build | House |
| 17:56 | Build | House |
| 17:58 | Create | Villager (Male) |
| 18:18 | Research | Heavy Plow |
| 18:19 | Create | Villager (Male) |
| 18:39 | Create | Armored Elephant |
| 18:40 | Create | Villager (Male) |
| 18:48 | Create | Villager (Male) |
| 18:55 | Create | Villager (Male) |
| 19:12 | Build | Stable |
| 19:16 | Create | Villager (Male) |
| 19:22 | Create | Villager (Male) |
| 19:29 | Create | Villager (Male) |
| 19:42 | Create | Villager (Male) |
| 20:00 | Create | Scout Cavalry |
| 20:00 | Create | Scout Cavalry |
| 20:00 | Create | Scout Cavalry |
| 20:24 | Create | Villager (Male) |
| 20:31 | Build | House |
| 20:31 | Build | House |
| 20:32 | Build | House |
| 20:32 | Build | House |
| 20:51 | Create | Villager (Male) |
| 21:07 | Create | Villager (Male) |
| 21:27 | Create | Villager (Male) |
| 21:33 | Build | Mining Camp |
| 21:41 | Create | Villager (Male) |
| 21:46 | Create | Villager (Male) |
| 21:52 | Create | Villager (Male) |
| 22:00 | Create | Villager (Male) |
| 22:06 | Build | Town Center |
| 22:10 | Build | Farm |
| 22:10 | Build | Farm |
| 22:11 | Build | Farm |
| 22:11 | Build | Farm |
| 22:11 | Build | Farm |
| 22:11 | Build | Farm |
| 22:14 | Create | Villager (Male) |
| 22:22 | Build | Palisade Wall |
| 22:29 | Build | Palisade Wall |
| 22:31 | Build | Palisade Wall |
| 22:32 | Build | Palisade Wall |
| 22:34 | Create | Villager (Male) |
| 22:40 | Create | Shrivamsha Rider |
| 22:40 | Create | Shrivamsha Rider |
| 22:40 | Create | Shrivamsha Rider |
| 22:51 | Create | Villager (Male) |
| 23:01 | Create | Villager (Male) |
| 23:08 | Create | Villager (Male) |
| 23:39 | Create | Villager (Male) |
| 23:39 | Create | Villager (Male) |
| 23:41 | Create | Villager (Male) |
| 23:56 | Create | Villager (Male) |
| 23:56 | Create | Villager (Male) |
| 24:08 | Create | Villager (Male) |
| 24:36 | Research | Wheelbarrow |
| 24:37 | Create | Villager (Male) |
| 24:44 | Build | Mill |
| 24:45 | Build | Farm |
| 24:45 | Build | Farm |
| 24:45 | Build | Farm |
| 24:46 | Build | Farm |
| 24:46 | Build | Farm |
| 24:46 | Build | Farm |
| 24:46 | Build | Farm |
| 24:47 | Build | Farm |
| 24:47 | Build | Farm |
| 24:47 | Build | Farm |
Build order — Ruso
First 150 of 555 actions detected
| 0:01 | Create | Villager (Male) |
| 0:01 | Create | Villager (Male) |
| 0:02 | Create | Villager (Male) |
| 0:02 | Create | Villager (Male) |
| 0:02 | Create | Villager (Male) |
| 0:03 | Build | House |
| 0:05 | Build | House |
| 1:27 | Create | Villager (Male) |
| 1:47 | Build | Lumber Camp |
| 1:53 | Create | Villager (Male) |
| 2:27 | Create | Villager (Male) |
| 2:59 | Create | Villager (Male) |
| 2:59 | Create | Villager (Male) |
| 3:02 | Build | House |
| 3:03 | Build | House |
| 3:21 | Create | Villager (Male) |
| 3:21 | Create | Villager (Male) |
| 3:22 | Create | Villager (Male) |
| 3:55 | Create | Villager (Male) |
| 3:56 | Create | Villager (Male) |
| 4:22 | Create | Villager (Male) |
| 4:22 | Create | Villager (Male) |
| 4:54 | Create | Villager (Male) |
| 4:55 | Create | Villager (Male) |
| 4:55 | Create | Villager (Male) |
| 5:34 | Create | Villager (Male) |
| 5:34 | Create | Villager (Male) |
| 5:34 | Create | Villager (Male) |
| 6:00 | Build | Mill |
| 6:27 | Create | Villager (Male) |
| 6:27 | Create | Villager (Male) |
| 7:15 | Create | Villager (Male) |
| 7:39 | Build | House |
| 7:40 | Build | House |
| 7:59 | Build | Mining Camp |
| 8:02 | Create | Villager (Male) |
| 8:05 | Create | Villager (Male) |
| 8:31 | Create | Villager (Male) |
| 8:41 | Research | Feudal Age |
| 9:33 | Build | Farm |
| 9:43 | Create | Villager (Male) |
| 9:44 | Create | Villager (Male) |
| 9:45 | Create | Villager (Male) |
| 9:45 | Create | Villager (Male) |
| 9:54 | Build | Farm |
| 9:54 | Build | Farm |
| 9:54 | Build | Farm |
| 11:02 | Age | Feudal Age |
| 11:11 | Build | Blacksmith |
| 11:15 | Build | Market |
| 11:18 | Build | House |
| 11:24 | Research | Horse Collar |
| 11:24 | Research | Double-Bit Axe |
| 11:25 | Create | Villager (Male) |
| 11:30 | Build | Farm |
| 11:30 | Build | Farm |
| 11:32 | Build | Farm |
| 11:34 | Build | Farm |
| 13:19 | Research | Castle Age |
| 13:19 | Research | Castle Age |
| 13:37 | Build | Mining Camp |
| 15:44 | Research | Forging |
| 15:44 | Research | Scale Barding Armor |
| 15:50 | Create | Villager (Male) |
| 15:50 | Create | Villager (Male) |
| 15:50 | Create | Villager (Male) |
| 15:51 | Create | Villager (Male) |
| 15:59 | Age | Castle Age |
| 16:01 | Build | Barracks |
| 16:33 | Research | Heavy Plow |
| 16:34 | Research | Bow Saw |
| 16:38 | Build | Town Center |
| 17:16 | Build | Stable |
| 17:42 | Create | Villager (Male) |
| 17:43 | Create | Villager (Male) |
| 17:43 | Create | Villager (Male) |
| 17:43 | Create | Villager (Male) |
| 17:44 | Create | Villager (Male) |
| 18:13 | Create | Camel Scout |
| 18:20 | Create | Camel Scout |
| 18:35 | Build | Town Center |
| 18:48 | Create | Villager (Male) |
| 18:48 | Create | Villager (Male) |
| 19:06 | Create | Villager (Male) |
| 19:29 | Create | Camel Scout |
| 19:40 | Build | Farm |
| 19:53 | Create | Villager (Male) |
| 19:53 | Create | Villager (Male) |
| 19:53 | Create | Villager (Male) |
| 20:05 | Build | Castle |
| 20:08 | Build | Mining Camp |
| 20:18 | Create | Camel Scout |
| 20:18 | Create | Camel Scout |
| 20:37 | Build | Farm |
| 20:41 | Build | Farm |
| 20:41 | Build | Farm |
| 20:44 | Build | Farm |
| 20:44 | Build | Farm |
| 20:51 | Build | Farm |
| 20:53 | Create | Villager (Male) |
| 20:54 | Create | Villager (Male) |
| 22:07 | Create | Mameluke |
| 22:08 | Create | Mameluke |
| 22:19 | Build | Town Center |
| 22:29 | Build | Farm |
| 22:29 | Build | Farm |
| 22:30 | Build | Farm |
| 22:30 | Build | Farm |
| 22:31 | Build | Farm |
| 22:32 | Create | Villager (Male) |
| 22:32 | Create | Villager (Male) |
| 22:33 | Create | Villager (Male) |
| 22:35 | Create | Mameluke |
| 22:35 | Create | Mameluke |
| 23:04 | Create | Mameluke |
| 23:31 | Research | Iron Casting |
| 23:31 | Research | Chain Barding Armor |
| 23:35 | Create | Villager (Male) |
| 23:35 | Create | Villager (Male) |
| 23:35 | Create | Villager (Male) |
| 23:39 | Build | Farm |
| 23:40 | Build | Farm |
| 23:43 | Create | Villager (Male) |
| 23:43 | Create | Villager (Male) |
| 23:44 | Create | Villager (Male) |
| 24:00 | Build | Farm |
| 24:01 | Build | Farm |
| 24:11 | Build | Farm |
| 24:12 | Create | Villager (Male) |
| 24:13 | Create | Villager (Male) |
| 24:13 | Create | Villager (Male) |
| 24:17 | Build | Lumber Camp |
| 24:26 | Research | Wheelbarrow |
| 24:58 | Create | Villager (Male) |
| 24:58 | Create | Villager (Male) |
| 24:58 | Create | Villager (Male) |
| 24:58 | Create | Villager (Male) |
| 25:16 | Build | Castle |
| 25:17 | Build | Mining Camp |
| 25:27 | Research | Tech 28 |
| 25:37 | Build | Monastery |
| 25:43 | Create | Villager (Male) |
| 25:43 | Create | Villager (Male) |
| 25:43 | Create | Villager (Male) |
| 25:44 | Create | Villager (Male) |
| 25:44 | Create | Villager (Male) |
| 25:49 | Research | Loom |
| 25:51 | Create | Villager (Male) |
| 25:51 | Create | Villager (Male) |
| 25:56 | Build | Farm |
Match timeline
| 7:20 | MARDUK · first_building Barracks |
| 9:05 | MARDUK · age_up feudal |
| 10:07 | I LOVE YOU MINA · age_up feudal |
| 10:15 | Angeliini · age_up feudal |
| 11:02 | Ruso · age_up feudal |
| 11:20 | asas · age_up feudal |
| 11:29 | I LOVE YOU MINA · wall_segment Stone Wall x1 |
| 11:30 | I LOVE YOU MINA · wall_segment Stone Wall x1 |
| 11:31 | I LOVE YOU MINA · wall_segment Stone Wall x1 |
| 11:32 | I LOVE YOU MINA · wall_segment Stone Wall x1 |
| 11:52 | I LOVE YOU MINA · first_building Stable |
| 13:08 | I LOVE YOU MINA · wall_segment Stone Wall x1 |
| 13:09 | I LOVE YOU MINA · wall_segment Stone Wall x1 |
| 13:13 | I LOVE YOU MINA · wall_segment Stone Wall x1 |
| 13:14 | I LOVE YOU MINA · wall_segment Stone Wall x1 |
| 13:18 | I LOVE YOU MINA · age_up castle |
| 13:21 | I LOVE YOU MINA · wall_segment Stone Wall x1 |
| 13:28 | I LOVE YOU MINA · first_building Monastery |
| 13:55 | Angeliini · age_up castle |
| 14:04 | I LOVE YOU MINA · wall_segment Stone Wall x1 |
| 14:06 | I LOVE YOU MINA · wall_segment Palisade Wall x1 |
| 14:08 | I LOVE YOU MINA · wall_segment Palisade Wall x1 |
| 14:09 | Angeliini · first_building Monastery |
| 14:19 | Angeliini · first_building Barracks |
| 14:36 | I LOVE YOU MINA · wall_segment Palisade Wall x1 |
| 14:52 | asas · age_up castle |
| 15:55 | Angeliini · tribute_sent a jugador 1 |
| 15:55 | Angeliini · tribute_sent a jugador 2 |
| 15:55 | Angeliini · tribute_sent a jugador 4 |
| 15:55 | Angeliini · tribute_sent a jugador 5 |
| 15:55 | Angeliini · tribute_sent a jugador 6 |
| 15:56 | Ragn4r5842 · tribute_sent a jugador 1 |
| 15:56 | Ragn4r5842 · tribute_sent a jugador 2 |
| 15:56 | Ragn4r5842 · tribute_sent a jugador 3 |
| 15:56 | Ragn4r5842 · tribute_sent a jugador 4 |
| 15:56 | Ragn4r5842 · tribute_sent a jugador 6 |
| 15:59 | asas · first_building Siege Workshop |
| 15:59 | Ruso · age_up castle |
| 16:01 | Ruso · first_building Barracks |
| 16:45 | asas · wall_segment Palisade Wall x1 |
| 16:47 | asas · wall_segment Palisade Wall x1 |
| 16:53 | asas · wall_segment Palisade Wall x1 |
| 16:54 | asas · wall_segment Palisade Wall x1 |
| 17:16 | Ruso · first_building Stable |
| 17:29 | asas · first_building Barracks |
| 18:34 | Ragn4r5842 · first_building Barracks |
| 19:11 | asas · first_market_buy 100 wood |
| 19:12 | asas · first_building Stable |
| 20:05 | Ruso · first_building Castle |
| 20:14 | Angeliini · first_market_buy 100 food |
| 21:33 | Ragn4r5842 · tribute_sent a jugador 1 |
| 21:33 | Ragn4r5842 · tribute_sent a jugador 2 |
| 21:33 | Ragn4r5842 · tribute_sent a jugador 3 |
| 21:33 | Ragn4r5842 · tribute_sent a jugador 4 |
| 21:34 | Ragn4r5842 · tribute_sent a jugador 6 |
| 21:40 | Angeliini · tribute_sent a jugador 1 |
| 21:40 | Angeliini · tribute_sent a jugador 2 |
| 21:40 | Angeliini · tribute_sent a jugador 4 |
| 21:40 | Angeliini · tribute_sent a jugador 5 |
| 21:40 | Angeliini · tribute_sent a jugador 6 |
| 22:22 | asas · wall_segment Palisade Wall x1 |
| 22:29 | asas · wall_segment Palisade Wall x1 |
| 22:31 | asas · wall_segment Palisade Wall x1 |
| 22:32 | asas · wall_segment Palisade Wall x1 |
| 22:44 | Angeliini · first_building Siege Workshop |
| 23:59 | Ragn4r5842 · first_building Monastery |
| 25:03 | Ruso · first_market_buy 100 stone |
| 25:37 | Ruso · first_building Monastery |
| 25:56 | Ragn4r5842 · tribute_sent a jugador 1 |
| 25:56 | Ragn4r5842 · tribute_sent a jugador 2 |
| 25:56 | Ragn4r5842 · tribute_sent a jugador 3 |
| 25:56 | Ragn4r5842 · tribute_sent a jugador 4 |
| 25:56 | Ragn4r5842 · tribute_sent a jugador 6 |
| 26:11 | MARDUK · first_market_sell 100 wood |
| 26:34 | Angeliini · first_market_sell 100 wood |
| 26:36 | MARDUK · age_up castle |
| 26:43 | MARDUK · first_building Siege Workshop |
| 27:13 | asas · first_building Castle |
| 29:41 | Ruso · first_market_sell 100 wood |
| 29:44 | Ragn4r5842 · first_building Castle |
| 29:45 | Angeliini · age_up imperial |
| 30:29 | MARDUK · wall_segment Stone Wall x6 |
| 30:50 | MARDUK · first_market_buy 100 food |
| 31:23 | Angeliini · first_building Castle |
| 31:24 | asas · age_up imperial |
| 31:46 | asas · wall_segment Palisade Wall x1 |
| 31:56 | asas · wall_segment Palisade Wall x1 |
| 32:02 | asas · wall_segment Palisade Wall x1 |
| 32:04 | asas · wall_segment Palisade Wall x1 |
| 32:53 | Ruso · age_up imperial |
| 34:58 | asas · first_market_sell 100 wood |
| 36:48 | I LOVE YOU MINA · first_market_buy 100 stone |
| 38:05 | MARDUK · wall_segment Stone Wall x1 |
| 38:31 | Ragn4r5842 · tribute_sent a jugador 1 |
| 38:31 | Ragn4r5842 · tribute_sent a jugador 2 |
| 38:31 | Ragn4r5842 · tribute_sent a jugador 3 |
| 38:31 | Ragn4r5842 · tribute_sent a jugador 4 |
| 38:31 | Ragn4r5842 · tribute_sent a jugador 6 |
| 39:17 | MARDUK · wall_segment Stone Wall x1 |
| 39:26 | I LOVE YOU MINA · first_market_sell 100 food |
| 39:27 | Ruso · first_building Siege Workshop |
| 39:36 | MARDUK · wall_segment Stone Wall x1 |
| 39:47 | MARDUK · wall_segment Stone Wall x3 |
| 40:01 | MARDUK · wall_segment Stone Wall x1 |
| 40:15 | MARDUK · wall_segment Stone Wall x1 |
| 40:17 | MARDUK · wall_segment Stone Wall x1 |
| 43:09 | MARDUK · wall_segment Stone Wall x6 |
| 43:11 | MARDUK · wall_segment Stone Wall x10 |
| 43:23 | asas · first_building Archery Range |
| 43:43 | MARDUK · wall_segment Stone Wall x3 |
| 44:09 | Ruso · tribute_sent a jugador 1 |
| 44:09 | Ruso · tribute_sent a jugador 2 |
| 44:09 | Ruso · tribute_sent a jugador 3 |
| 44:09 | Ruso · tribute_sent a jugador 4 |
| 44:09 | Ruso · tribute_sent a jugador 5 |
| 46:00 | Ragn4r5842 · first_building Archery Range |
| 47:04 | Ruso · tribute_sent a jugador 1 |
| 47:04 | Ruso · tribute_sent a jugador 2 |
| 47:04 | Ruso · tribute_sent a jugador 3 |
| 47:04 | Ruso · tribute_sent a jugador 4 |
| 47:04 | Ruso · tribute_sent a jugador 5 |
| 47:25 | Ruso · first_building Archery Range |
| 47:27 | asas · resign |
| 47:29 | I LOVE YOU MINA · age_up imperial |
| 47:59 | Ragn4r5842 · first_market_sell 500 wood |
| 49:27 | I LOVE YOU MINA · first_building Siege Workshop |
[ AI ANALYSIS · 1 CREDIT ]
What really happened in this match?
Wolo.gg analyzes every decision: build order, eco, micro, common mistakes by bracket. Personalized analysis on WhatsApp or Discord in 30 seconds.
Civ guide
Aztecs
Perfil
Ragn4r5842